Match 38185141
Unlisted

Match 38185141
End
Royal Engineer Section
Vickers Machine Gun Team
Royal Engineer Section
Royal Engineer Section
Construct Field Infirmary
Construct Section Command Post
Construct Platoon Command Post
Humber Armored Car
Selects Air and Sea Battlegroup
Selects Supply Surplus
Humber Armored Car
Uncle Grandpa
Aprosarmosto
0
0

Comments sign in to comment!

No comments posted yet!